 Dungeon Crawl Stone Soup version 0.22-a0-407-gb098539405 (webtiles) character file.

268726 ZvezdeGranda the Executioner (level 19, -2/184 HPs)
             Began as a Minotaur Fighter on Apr 3, 2018.
             Was an Elder of Okawaru.
             Killed from afar by a deep elf death mage (38 damage)
             ... with a bolt of negative energy
             ... on level 3 of the Elven Halls on May 9, 2018.
             The game lasted 02:15:15 (56800 turns).

ZvezdeGranda the Executioner (Minotaur Fighter)    Turns: 56800, Time: 02:15:16

Health: -2/184     AC: 31    Str: 36    XL:     19   Next: 38%
Magic:  0/25       EV: 24    Int:  8    God:    Okawaru [****..]
Gold:   3554       SH:  0    Dex: 17    Spells: 18/18 levels left

rFire    + + .     SeeInvis +   F - +1 executioner's axe of the Disturbing Ghosts {chop, rPois}
rCold    + + .     Gourm    .   (shield currently unavailable)
rNeg     . . .     Faith    .   s - +3 plate armour {MR+}
rPois    +         Spirit   +   n - +0 mask of the Dragon {MR+ Slay+3 SInv}
rElec    +         Reflect  .   i - scarf {repulsion}
rCorr    +         Harm     .   B - +1 pair of gloves {archery}
MR       ++++.                  Y - +1 pair of boots {Stlth+}
Stlth    +.........             w - amulet of Cilerhen {Spirit +Inv MR+ Int+3}
HPRegen  0.40/turn              C - ring of flight
MPRegen  0.19/turn              c - ring "Pen Caos" {rF+ rC+ Str+4 Stlth+}

@: mighty, agile, about to teleport, resistant, heroism, finesse, very slightly
contaminated, hasted, drained, repel missiles, very quick
A: retaliatory headbutt, hooves 1, horns 2, rugged brown scales 1, blurry vision
1, shaggy fur 1
}: 2/15 runes: barnacled, gossamer
a: Heroism, Renounce Religion, Evoke Invisibility, Evoke Flight


You were on level 3 of the Elven Halls.
You worshipped Okawaru.
Okawaru was greatly pleased with you.
You were very hungry.

You visited 6 branches of the dungeon, and saw 34 of its levels.
You visited the Abyss 1 time.
You also visited: Labyrinth, Ossuary and Bailey.

You collected 3554 gold pieces.

Inventory:

Hand Weapons
 b - the +9 staff of Olgreb {rPois}
   (You found it on level 6 of the Dungeon)

   It protects you from poison.
 F - the +1 executioner's axe of the Disturbing Ghosts (weapon) {chop, rPois}
   (Okawaru gifted it to you on level 1 of the Lair of Beasts)

   It inflicts extra damage upon your enemies.
   It protects you from poison.
 X - a +6 blowgun
Missiles
 y - 20 javelins of penetration (quivered)
 K - 11 throwing nets
 T - 13 tomahawks of dispersal
 V - 11 curare-tipped needles
Armour
 i - a scarf of repulsion (worn)
 n - the +0 mask of the Dragon (worn) {MR+ Slay+3 SInv}
   (You acquired it on level 1 of the Elven Halls)

   It affects your accuracy and damage with ranged weapons and melee attacks
   (+3).
   It affects your resistance to hostile enchantments.
   It lets you see invisible.
 s - a +3 plate armour of magic resistance (worn)
 B - a +1 pair of gloves of archery (worn)
 Y - a +1 pair of boots of stealth (worn)
Jewellery
 c - the ring "Pen Caos" (right hand) {rF+ rC+ Str+4 Stlth+}
   (You found it on level 3 of the Shoals)

   [ring of protection from cold]

   It affects your strength (+4).
   It protects you from fire.
   It protects you from cold.
   It makes you more stealthy.
 w - the amulet of Cilerhen (around neck) {Spirit +Inv MR+ Int+3}
   (You found it on level 3 of the Shoals)

   [amulet of guardian spirit]

   It causes incoming damage to be split between your health and magic.
   It affects your intelligence (+3).
   It affects your resistance to hostile enchantments.
   It lets you turn invisible.
 C - a ring of flight (left hand)
 M - an uncursed ring of positive energy
 O - a +5 ring of evasion
Wands
 o - a wand of random effects (65)
 q - a wand of disintegration (33)
 Q - a wand of paralysis (35)
 R - a wand of digging (37)
 S - a wand of flame (67)
Scrolls
 a - 3 scrolls of amnesia
 g - 5 scrolls of identify
 l - 7 scrolls of fog
 m - 7 scrolls of remove curse
 p - 5 scrolls of magic mapping
 x - 2 scrolls of immolation
 D - 2 scrolls of fear
 G - 2 scrolls of vulnerability
 H - 4 scrolls of blinking
 P - 3 scrolls of summoning
 U - 3 scrolls of teleportation
 Z - a scroll of silence
Potions
 d - 3 potions of might
 e - 4 potions of brilliance
 h - 6 potions of heal wounds
 j - 8 potions of curing
 k - 3 potions of magic
 r - 6 potions of lignification
 t - 3 potions of cancellation
 u - 5 potions of flight
 v - 3 potions of ambrosia
 z - 5 potions of invisibility
 A - 6 potions of resistance
 I - a potion of berserk rage
 J - 2 potions of mutation
 N - 2 potions of haste
 W - 2 potions of agility
Miscellaneous
 L - a fan of gales
Comestibles
 f - 55 rations


   Skills:
 - Level 18.0(21.9) Fighting
 - Level 22.3(25.8) Axes
 - Level 7.0(11.1) Throwing
 + Level 19.9(23.8) Armour
 - Level 10.8(14.8) Dodging
   Level 3.6(7.8) Shields
 - Level 8.4(7.6) Invocations
 - Level 10.3(9.5) Evocations


You had 18 spell levels left.
You didn't know any spells.

Dungeon Overview and Level Annotations

Branches:
Dungeon (15/15)            Temple (0/1) D:4            Lair (6/6) D:11
 Shoals (4/4) Lair:4       Spider (4/4) Lair:3        Slime (0/5) Lair:5
    Orc (2/2) D:12            Elf (3/3) Orc:2        Vaults (0/5) D:13
 Depths (0/5) D:15

Altars:
Ashenzari
Dithmenos
Elyvilon
Fedhas
Gozag
Hepliaklqana
Kikubaaqudgha
Okawaru
Ru
Uskayaw
Vehumet
Xom
Zin
Beogh

Shops:
D:4 !   D:9 *   D:12 !   D:13 [   Orc:2 !}==

Annotations:
D:6 1 runed door
Elf:2 3 runed doors
Elf:3 Mara


Innate Abilities, Weirdness & Mutations

You reflexively headbutt those who attack you in melee.
You have a pair of horns on your head.
You have large cloven feet.
You are partially covered in rugged brown scales. (AC +1, +3% HP)
Scrolls take you a little longer to read.
You are covered in fur. (AC +1)


Message History

The shadow demon gestures.
Mara boasts, "I am lord over the four continents and the two thousand adjacent isles."
The deep elf annihilator casts a spell.
The deep elf annihilator blinks!
The shadow demon gestures.
The lost soul is engulfed in blazing flames.
As you read the scroll of teleportation, it crumbles to dust.
You feel strangely unstable.
Unknown command.
The deep elf sorcerer is empowered by something's aura! x2
The deep elf annihilator is empowered by something's aura! x2
The deep elf death mage is empowered by something's aura! x2
The deep elf sorcerer is empowered by something's aura!
The deep elf death mage is empowered by something's aura!
The deep elf demonologist is empowered by something's aura!
The deep elf sorcerer is empowered by something's aura!
The deep elf archer is empowered by something's aura!
The deep elf death mage points at you and mumbles some strange words.
The bolt of negative energy hits you!
You feel drained.
You die...

...'...'.....+.........'.....#
...#####.....###.########...##
...# ###.### #.# ##### ..##
### #.# .## #.# ## #.# # #(#
#)# #@# #)# #e#


Ree ee@*e 4ee*eee 4eee2E*2e *o342Re*e.e ...322.....3. You could see 2 Maras, a
hell beast, a lorocyproca (invisible), a deep elf master archer, 2 deep elf
annihilators, 3 deep elf death magi, 4 deep elf sorcerers, a deep elf
demonologist, a deep elf archer, a fire elemental, a ynoxinul, a chaos spawn, 4
lost souls and ZvezdeGranda's illusion.

Vanquished Creatures
  Bai Suzhen (Shoals:4)
  Arachne (Spider:4)
  Jorgrun (Spider:2)
  2 deep elf blademasters (Elf:3)
  2 tentacled starspawn (Abyss:3)
  Frances (Elf:1)
  The ghost of floatboth the Fighter, an adept DrEE of Kikubaaqudgha (Spider:2)
  Agnes (Elf:1)
  Donald (Shoals:4)
  Ilsuiw (Shoals:4)
  A deep elf sorcerer (Elf:1)
  7 ghost moths
  Aizul (Spider:2)
  3 emperor scorpions
  An entropy weaver (shapeshifter) (D:15)
  6 entropy weavers
  A deep elf demonologist (Elf:3)
  2 minotaurs
  5 spark wasps
  A dire elephant (Lair:6)
  8 merfolk impalers
  4 merfolk javelineers
  2 deep elf high priests (Elf:3)
  Fannar (D:9)
  Josephine (Lair:4)
  An ice dragon (Lair:6)
  The ghost of motoroller71 the Nimble, a journeyman GnGl of Makhleb (D:12)
  9 hydras
  A centaur warrior (D:15)
  2 alligator snapping turtles
  7 two-headed ogres
  2 merfolk avatars
  A death knight (D:12)
  4 death yaks (Lair:5)
  7 merfolk aquamancers
  8 dancing weapons
  A catoblepas (Lair:6)
  3 satyrs
  2 ogre magi
  A tengu warrior (D:15)
  3 thrashing horrors (Abyss:3)
  5 orc high priests (Orc:2)
  Nergalle (D:10)
  Sonja (D:10)
  A wretched star (Abyss:3)
  11 deep elf knights
  A spatial maelstrom (Abyss:3)
  4 skeletal warriors
  A deep troll (D:15)
  2 unseen horrors
  9 sea snakes
  5 deep elf archers
  A kraken simulacrum (Shoals:4)
  2 lindwurms (Lair:6)
  13 harpies
  2 wizards (Elf:1)
  9 orb spiders
  10 orc knights
  8 ugly things
  28 deep elf magi
  An orc sorcerer (Orc:2)
  5 oklob plants
  26 wolf spiders
  6 fauns (Shoals:3)
  6 cyclopes
  A shining eye (Abyss:3)
  2 moths of wrath (Spider:1)
  12 manticores
  15 merfolk sirens
  Psyche (D:10)
  2 apocalypse crabs (Abyss:3)
  15 elephants
  7 water nymphs
  2 gargoyles
  7 spiny frogs
  5 black mambas
  7 torpor snails
  5 centaur skeletons
  An orange demon (Abyss:3)
  2 kobold demonologists (D:14)
  An ancient zyme (Abyss:3)
  3 rime drakes
  An efreet (D:13)
  14 demonic crawlers
  15 komodo dragons
  7 yaktaurs
  2 tengu conjurers (D:15)
  4 trolls
  25 jumping spiders
  A queen bee (Lair:1)
  34 merfolk
  3 meliai
  9 polar bears (Lair:6)
  4 tyrant leeches (Lair:6)
  25 hornets
  3 wind drakes
  A raiju (Lair:6)
  8 slime creatures
  16 blink frogs
  9 hippogriffs
  3 dream sheep (Shoals:2)
  2 large abominations (Abyss:3)
  4 snapping turtles
  83 redbacks
  2 air elementals
  29 tarantellas
  A hog (D:14)
  46 yaks
  6 wraiths
  12 water elementals
  A shadow (D:13)
  Eustachio (D:4)
  4 wyverns
  7 basilisks
  A hungry ghost (Shoals:3)
  A chaos spawn (Abyss:3)
  4 vampire mosquitoes (D:14)
  A neqoxec (Abyss:3)
  A swamp worm (shapeshifter) (D:14)
  8 wargs
  6 insubstantial wisps (Abyss:3)
  18 water moccasins
  An acid dragon (D:12)
  4 soldier ants
  9 porcupines
  14 hell hounds (Lair:6)
  13 black bears
  10 ice beasts
  41 orc warriors
  3 sky beasts
  A necrophage (D:9)
  A boggart (Elf:1)
  3 phantoms
  19 wolves
  6 ogres
  23 centaurs
  13 crocodiles
  A big kobold (D:9)
  24 bullfrogs
  A small abomination (Abyss:3)
  2 earth elementals (Elf:1)
  2 wyvern zombies
  A wyvern skeleton (D:13)
  A gnoll sergeant (D:13)
  3 scorpions
  A water moccasin skeleton (D:8)
  The ghost of Execuda the Chopper, a weakling MiSk (D:3)
  44 killer bees
  2 howler monkeys
  11 wights
  4 electric eels
  3 centaur zombies
  A quasit (D:9)
  A bullfrog zombie (D:5)
  8 crimson imps
  8 jellies
  4 hounds
  34 orc priests
  3 bullfrog skeletons
  16 orc wizards
  A gnoll shaman (D:4)
  Ijyb (D:3)
  2 iguanas
  13 worker ants
  A hound zombie (D:6)
  2 hound skeletons
  3 mummies (Ossuary)
  A worker ant zombie (D:9)
  20 gnolls
  3 howler monkey skeletons
  14 adders
  A shadow imp (D:11)
  6 oozes
  An adder skeleton (D:8)
  An adder zombie (D:9)
  5 worms
  5 leopard geckos
  106 orcs
  A giant cockroach (D:2)
  6 goblins
  3 hobgoblins (D:2)
  16 jackals
  3 bats
  3 frilled lizards (D:3)
  4 goblin zombies (Ossuary)
  2 hobgoblin zombies (Ossuary)
  2 jackal skeletons
  17 kobolds
  4 kobold zombies (Ossuary)
  7 rats
  2 crawling corpses (Elf:3)
  4 fungi
  A lurking horror (Abyss:3)
  28 plants
1403 creatures vanquished.

Vanquished Creatures (collateral kills)
  A merfolk impaler (Shoals:4)
  A merfolk siren (Shoals:4)
2 creatures vanquished.

Vanquished Creatures (others)
  A deep elf mage (Elf:2)
  An ogre (D:13)
  25 fungi
  A lurking horror (Abyss:3)
  45 plants
  5 starspawn tentacles (Abyss:3)
  4 tentacles (Shoals:4)
82 creatures vanquished.

Grand Total: 1487 creatures vanquished

Notes
Turn   | Place    | Note
-------+----------+-------------------------------------------
     0 | D:1      | ZvezdeGranda the Minotaur Fighter began the quest for the Orb.
     0 | D:1      | Reached XP level 1. HP: 19/19 MP: 0/0
   577 | D:2      | Found a faded altar of an unknown god.
   681 | D:2      | Reached XP level 2. HP: 25/27 MP: 1/1
   783 | D:2      | Reached XP level 3. HP: 18/34 MP: 2/2
  1082 | D:1      | Reached skill level 5 in Armour
  1162 | D:2      | Found an iron altar of Okawaru.
  1170 | D:2      | Became a worshipper of Warmaster Okawaru
  1190 | D:2      | Reached XP level 4. HP: 33/41 MP: 3/3
  1360 | D:2      | Reached skill level 3 in Axes
  1368 | D:2      | Noticed a bullfrog
  1371 | D:2      | Killed a bullfrog
  1371 | D:2      | Reached skill level 4 in Axes
  1371 | D:2      | Reached XP level 5. HP: 40/47 MP: 4/4
  1461 | D:2      | Found a hazy altar of Hepliaklqana.
  1461 | D:2      | Found an ancient bone altar of Kikubaaqudgha.
  1750 | D:2      | Reached skill level 5 in Axes
  2219 | D:3      | Reached skill level 6 in Axes
  2221 | D:3      | Noticed Ijyb
  2221 | D:3      | Reached * piety under Okawaru
  2224 | D:3      | Noticed Execuda's ghost (weakling MiSk)
  2238 | D:3      | Killed Ijyb
  2238 | D:3      | Reached XP level 6. HP: 50/53 MP: 5/5
  2253 | D:3      | Killed Execuda's ghost
  2495 | D:3      | Reached skill level 7 in Axes
  2989 | D:4      | Reached skill level 8 in Axes
  2998 | D:4      | Reached XP level 7. HP: 46/60 MP: 6/6
  3012 | D:4      | Noticed Eustachio
  3018 | D:4      | Killed Eustachio
  3018 | D:4      | Reached ** piety under Okawaru
  3018 | D:4      | Reached skill level 9 in Axes
  3141 | D:4      | Found a staircase to the Ecumenical Temple.
  3154 | D:4      | Found Fuecuor's Distillery.
  3184 | D:4      | Found a sand-covered staircase.
  3195 | Ossuary  | Entered an ossuary
  3195 | Ossuary  | Noticed a wraith
  3195 | Ossuary  | Noticed a wraith
  3195 | Ossuary  | Noticed a wraith
  3582 | Ossuary  | Noticed a wraith
  3584 | Ossuary  | Killed a wraith
  3584 | Ossuary  | Reached skill level 10 in Axes
  3847 | D:4      | Reached XP level 8. HP: 47/67 MP: 7/7
  4231 | D:4      | Reached skill level 11 in Axes
  4437 | D:4      | Found a shattered altar of Ashenzari.
  4492 | D:5      | Entered Level 5 of the Dungeon
  4621 | D:5      | Found a radiant altar of Vehumet.
  4663 | D:4      | Reached *** piety under Okawaru
  5092 | D:5      | Found a shadowy altar of Dithmenos.
  5159 | D:5      | Reached skill level 12 in Axes
  5175 | D:5      | Found a shimmering altar of Xom.
  5359 | D:5      | Found a glowing silver altar of Zin.
  5359 | D:5      | Found a hide-covered altar of Uskayaw.
  5565 | D:5      | Found a sacrificial altar of Ru.
  5804 | D:6      | Found a runed door.
  5814 | D:6      | Found a runed gate.
  5816 | D:6      | Found a runed gate.
  5816 | D:6      | Found a runed gate.
  5842 | D:6      | Found a runed door.
  5853 | D:6      | Found the +9 staff of Olgreb {rPois}
  6029 | D:6      | Reached skill level 13 in Axes
  6029 | D:6      | Reached XP level 9. HP: 72/72 MP: 6/8
  7005 | D:7      | Reached **** piety under Okawaru
  7183 | D:7      | Reached skill level 14 in Axes
  8057 | D:8      | Found an opulent altar of Gozag.
  8148 | D:8      | Reached skill level 15 in Axes
  8526 | D:8      | Got a shimmering silver ring
  8542 | D:8      | Identified the cursed ring "Jossae" {*Slow +Fly rPois Int+7 Slay-4} (You found it on level 8 of the Dungeon)
  9002 | D:9      | Reached XP level 10. HP: 72/80 MP: 6/9
  9211 | D:9      | Reached ***** piety under Okawaru
  9220 | D:9      | Reached skill level 5 in Fighting
  9333 | D:9      | Found Kenymn's Hallowed Reliquary.
  9333 | D:9      | Found a white marble altar of Elyvilon.
  9333 | D:9      | Noticed an angel
  9346 | D:9      | Found an iron altar of Okawaru.
  9995 | D:10     | Entered Level 10 of the Dungeon
 10083 | D:10     | Noticed Sonja
 10105 | D:10     | Killed Sonja
 10886 | D:10     | Received a gift from Okawaru
 11290 | D:10     | Noticed Fannar
 11816 | D:6      | Reached skill level 10 in Armour
 12955 | D:10     | Reached XP level 11. HP: 94/94 MP: 10/10
 13030 | D:10     | Noticed Nergalle
 13054 | D:10     | Noticed a spectral orc warlord
 13054 | D:10     | Killed Nergalle
 13152 | D:10     | Noticed Psyche
 13158 | D:10     | Killed Psyche
 13749 | D:11     | Killed an unseen horror
 14368 | D:11     | Noticed an oklob plant
 14494 | D:11     | Found a staircase to the Lair.
 15027 | D:11     | Noticed a two-headed ogre
 15037 | D:11     | Killed a two-headed ogre
 15037 | D:11     | Received a gift from Okawaru
 15362 | D:12     | Found a staircase to the Orcish Mines.
 15368 | D:12     | Found a roughly hewn altar of Beogh.
 15376 | D:12     | Noticed motoroller71's ghost (journeyman GnGl)
 15393 | D:12     | Killed motoroller71's ghost
 15488 | D:12     | Noticed a two-headed ogre
 15496 | D:12     | Killed a two-headed ogre
 15496 | D:12     | Reached skill level 10 in Fighting
 15569 | D:12     | Noticed a death knight
 15574 | D:12     | HP: 3/99 [death knight/great mace (17)]
 15576 | D:12     | Killed a death knight
 15576 | D:12     | Received a gift from Okawaru
 16427 | D:12     | Found Ololeh's Distillery.
 16518 | D:9      | Killed Fannar
 16518 | D:9      | Reached XP level 12. HP: 78/108 MP: 11/11
 16841 | Lair:1   | Entered Level 1 of the Lair of Beasts
 16960 | Lair:1   | Reached skill level 1 in Invocations
 17409 | Lair:1   | Reached skill level 5 in Invocations
 17605 | Lair:1   | Reached ****** piety under Okawaru
 18064 | Lair:2   | Noticed a six-headed hydra
 18072 | Lair:1   | Received a gift from Okawaru
 18082 | Lair:1   | Got an encrusted executioner's axe {god gift}
 18084 | Lair:1   | Identified the +1 executioner's axe of the Disturbing Ghosts {chop, rPois} (Okawaru gifted it to you on level 1 of the Lair of Beasts)
 18583 | Lair:2   | Noticed an eight-headed hydra
 18899 | Lair:2   | Noticed a four-headed hydra
 18974 | Lair:2   | Noticed a five-headed hydra
 19040 | Lair:2   | Noticed a minotaur
 19040 | Lair:2   | a six-headed hydra changed into a minotaur
 19045 | Lair:2   | Noticed a satyr
 19045 | Lair:2   | a five-headed hydra changed into a satyr
 19058 | Lair:2   | Found a blossoming altar of Fedhas.
 19376 | Lair:2   | Killed a minotaur
 19589 | Lair:2   | Killed a four-headed hydra
 19589 | Lair:2   | Received a gift from Okawaru
 19590 | Lair:2   | Killed a satyr
 19590 | Lair:2   | Reached XP level 13. HP: 40/118 MP: 18/18
 20402 | Lair:3   | Reached skill level 5 in Evocations
 20719 | Lair:3   | Found a hole to the Spider Nest.
 21484 | Lair:4   | Found a staircase to the Shoals.
 21487 | Lair:4   | Found a labyrinth entrance.
 21495 | Lab      | Entered a labyrinth
 21791 | Lab      | Noticed a minotaur
 21813 | Lab      | Killed a minotaur
 21816 | Lab      | Got a bloodstained plate armour
 21827 | Lab      | Identified the +1 plate armour "Hesozu" {rElec Int+3} (You took it off a minotaur in a labyrinth)
 21864 | Lab      | Identified the Incunabulum of Execration
 21924 | Lair:4   | Received a gift from Okawaru
 22476 | Lair:4   | Reached skill level 1 in Dodging
 22691 | Lair:4   | Noticed an entropy weaver
 22691 | Lair:4   | a six-headed hydra changed into an entropy weaver
 22897 | Lair:4   | Killed an entropy weaver
 22947 | Lair:4   | Noticed Josephine
 22952 | Lair:4   | Reached skill level 5 in Dodging
 22959 | Lair:4   | Killed Josephine
 23299 | Lair:4   | Received a gift from Okawaru
 24180 | Lair:5   | Reached skill level 16 in Axes
 24489 | Lair:5   | Reached XP level 14. HP: 100/126 MP: 9/19
 24663 | Lair:5   | Received a gift from Okawaru
 24865 | Lair:5   | Found a staircase to the Slime Pits.
 25154 | Lair:6   | Entered Level 6 of the Lair of Beasts
 25164 | Lair:6   | Reached skill level 17 in Axes
 26399 | Lair:6   | Reached skill level 18 in Axes
 26484 | Lair:6   | Received a gift from Okawaru
 26743 | Lair:6   | Gained mutation: You are partially covered in rugged brown scales. (AC +1, +3% HP) [potion of mutation]
 26743 | Lair:6   | Gained mutation: You are covered in fur. (AC +1) [potion of mutation]
 26743 | Lair:6   | Gained mutation: You have large cloven feet. [potion of mutation]
 26822 | Lair:6   | Reached skill level 19 in Axes
 27111 | Lair:6   | Found a runed door.
 27610 | Lair:6   | Paralysed by a hornet for 3 turns
 29633 | D:12     | Reached XP level 15. HP: 60/135 MP: 18/20
 29644 | D:12     | Got a brightly glowing shortbow
 29645 | D:12     | Identified the +6 shortbow of Gizuag {venom, +Inv rF+++ Int-2} (You found it on level 12 of the Dungeon)
 30187 | D:13     | Reached skill level 20 in Axes
 30332 | D:13     | Received a gift from Okawaru
 30460 | D:13     | Found a gate to the Vaults.
 30872 | D:13     | Found Dukem's Armour Emporium.
 31438 | D:14     | Received a gift from Okawaru
 31558 | D:14     | Found a flagged portal.
 31567 | Bailey   | Entered a bailey
 32005 | Bailey   | Identified a scroll of acquirement
 32198 | D:14     | Found a blossoming altar of Fedhas.
 32982 | D:15     | Entered Level 15 of the Dungeon
 33848 | D:15     | Reached skill level 10 in Evocations
 33969 | D:15     | Found a staircase to the Depths.
 34484 | D:15     | Reached skill level 1 in Throwing
 34933 | Spider:1 | Entered Level 1 of the Spider Nest
 35330 | Spider:1 | Received a gift from Okawaru
 35335 | Spider:1 | Got a pair of shimmering boots {god gift}
 35346 | Spider:1 | Identified the -6 pair of boots of Fortitude {*Contam rF+ rN+ Stlth+} (Okawaru gifted it to you on level 1 of the Spider Nest)
 35385 | Spider:1 | Reached XP level 16. HP: 62/150 MP: 17/22
 35464 | Spider:1 | Reached skill level 5 in Throwing
 36725 | Spider:2 | Noticed floatboth's ghost (adept DrEE)
 36747 | Spider:2 | Killed floatboth's ghost
 36755 | Spider:2 | Noticed Jorgrun
 36885 | Spider:2 | Noticed Aizul
 36900 | Spider:2 | Killed Aizul
 36900 | Spider:2 | Received a gift from Okawaru
 37087 | Spider:2 | Reached skill level 15 in Armour
 37544 | Spider:2 | Received a gift from Okawaru
 37705 | Spider:2 | Killed Jorgrun
 38977 | Spider:3 | Reached skill level 15 in Fighting
 39743 | Spider:3 | Received a gift from Okawaru
 40247 | Spider:4 | Entered Level 4 of the Spider Nest
 40247 | Spider:4 | Noticed Arachne
 40560 | Spider:3 | Paralysed by a hornet for 3 turns
 41285 | Spider:4 | Killed Arachne
 41285 | Spider:4 | Received a gift from Okawaru
 41285 | Spider:4 | Reached XP level 17. HP: 67/162 MP: 17/23
 41696 | Spider:4 | Received a gift from Okawaru
 42877 | Spider:4 | HP: 4/166 [redback (10)]
 43620 | Spider:4 | Got a gossamer rune of Zot
 44485 | Orc:1    | Entered Level 1 of the Orcish Mines
 44689 | Orc:2    | Entered Level 2 of the Orcish Mines
 45211 | Orc:2    | Found a staircase to the Elven Halls.
 46205 | Orc:2    | Found Zurast's Gadget Emporium.
 46208 | Orc:2    | Found Usuf's Jewellery Shoppe.
 46209 | Orc:2    | Found Axet's Distillery.
 46210 | Orc:2    | Found Issebbu's Jewellery Emporium.
 46429 | Elf:1    | Entered Level 1 of the Elven Halls
 46438 | Elf:1    | Received a gift from Okawaru
 46450 | Elf:1    | Got a faintly humming plate armour {god gift}
 46456 | Elf:1    | Identified the +4 plate armour of Poor Excuses {Int+3 Dex+3} (Okawaru gifted it to you on level 1 of the Elven Halls)
 46490 | Elf:1    | Noticed Frances
 46492 | Elf:1    | Noticed Agnes
 46503 | Elf:1    | Killed Agnes
 46504 | Elf:1    | Killed Frances
 46979 | Elf:1    | Cast into level 2 of the Abyss (a wizard)
 47088 | Abyss:3  | Gained mutation: Scrolls take you a little longer to read. [a shining eye]
 47099 | Abyss:3  | Upgraded the game from 0.22-a0-322-g60b3cfd402 to 0.22-a0-348-gd16d1391c7
 47238 | Elf:1    | Escaped the Abyss
 47239 | Elf:1    | HP: 8/167 [deep elf mage/bolt of lightning (16)]
 48000 | Shoals:1 | Entered Level 1 of the Shoals
 48089 | Shoals:1 | Reached XP level 18. HP: 157/177 MP: 14/24
 48895 | Shoals:1 | Received a gift from Okawaru
 49938 | Shoals:2 | Reached skill level 21 in Axes
 49965 | Shoals:2 | Upgraded the game from 0.22-a0-348-gd16d1391c7 to 0.22-a0-354-g30dfbe6fde
 49968 | Shoals:2 | Received a gift from Okawaru
 49987 | Shoals:2 | Upgraded the game from 0.22-a0-354-g30dfbe6fde to 0.22-a0-396-g3f858e37d3
 49988 | Shoals:2 | Upgraded the game from 0.22-a0-396-g3f858e37d3 to 0.22-a0-407-gb098539405
 50273 | Shoals:2 | Received a gift from Okawaru
 50595 | Shoals:3 | Found a transporter.
 50900 | Shoals:3 | Received a gift from Okawaru
 51673 | Shoals:3 | Found a transporter.
 52265 | Shoals:3 | Got a flickering bone ring
 52267 | Shoals:3 | Identified the ring "Pen Caos" {rF+ rC+ Str+4 Stlth+} (You found it on level 3 of the Shoals)
 52287 | Shoals:3 | Identified the amulet of Cilerhen {Spirit +Inv MR+ Int+3} (You found it on level 3 of the Shoals)
 52455 | Shoals:4 | Entered Level 4 of the Shoals
 52484 | Shoals:4 | Noticed Donald
 52502 | Shoals:4 | Killed Donald
 52502 | Shoals:4 | Reached skill level 22 in Axes
 52717 | Shoals:4 | Noticed Ilsuiw
 52736 | Shoals:4 | Killed Ilsuiw
 53676 | Shoals:4 | Noticed Bai Suzhen
 53687 | Shoals:4 | Killed Bai Suzhen
 53687 | Shoals:4 | Received a gift from Okawaru
 54150 | Shoals:4 | Reached skill level 10 in Dodging
 54170 | Shoals:4 | Received a gift from Okawaru
 54687 | Shoals:4 | Found the +27 Lear's hauberk
 54927 | Shoals:4 | Got a barnacled rune of Zot
 55412 | Elf:1    | Reached XP level 19. HP: 184/184 MP: 25/25
 55534 | Elf:1    | Found the +0 mask of the Dragon {MR+ Slay+3 SInv}
 55702 | Elf:2    | Found a huge runed gate.
 55704 | Elf:2    | Found a huge runed gate.
 55707 | Elf:2    | Found a huge runed gate.
 55859 | Elf:2    | Received a gift from Okawaru
 56413 | Elf:2    | Received a gift from Okawaru
 56536 | Elf:3    | Entered Level 3 of the Elven Halls
 56753 | Elf:3    | Received a gift from Okawaru
 56756 | Elf:3    | Noticed Mara
 56771 | Elf:3    | Noticed ZvezdeGranda's illusion
 56800 | Elf:3    | Killed from afar by a deep elf death mage

Vault maps used:
D:1:      co_arrival_square_in_a_square_in_a_square
D:2:      gammafunk_temple_overflow_elements, first_ration,
          chequers_ecumenical_altar_simple_redux, kennysheep_okawaru_gauntlet
D:3:      uniq_ijyb
D:4:      lemuel_round_altar, serial_shops, nicolae_shop_crystal,
          nicolae_ossuary_entry_plus, uniq_eustachio
D:5:      grunt_dithmenos_smoke, kennysheep_mini, nicolae_overflow_hidden_temple
D:6:      minmay_guarded_unrand_staff_of_olgreb
D:8:      nicolae_gozag_cash_rules_everything_around_me,
          hangedman_little_slice_of_home, kennysheep_generic_room_10
D:9:      lemuel_crystal_altar, nicolae_good_shop
D:10:     uniq_nergalle, uniq_psyche, uniq_sonja, uniq_fannar
D:11:     dpeg_oklobed_lair
D:12:     minmay_orc_entry_temple_small, serial_shops, nicolae_shop_trees,
          lemuel_nasty_fountain
D:13:     hangedman_vaults_entry_quadrant_bands, serial_shops,
          nicolae_shop_trees, glass_columns_a
D:14:     fedhas_altar_1, enter_bailey_2
D:15:     hangedman_depths_entry_civil_slaughter,
          portal_ice_cave_entry_ice_beasts, lightli_corner_chamber
Lair:2:   basic_altar, beast_lair_carwin_8
Lair:3:   spider_nest_entry_rubble
Lair:4:   beast_lair_carwin_large_2, minmay_shoals_entry_centaurs,
          lab_entry_generic, minmay_lair_oklob_chamber, uniq_josephine
Lair:5:   slime_dummy, beast_lair_carwin_5, infiniplex_staircase_pool_2,
          lemuel_fruit_tree
Lair:6:   wormcave, hangedman_lair_caniforms_friends, serial_forest,
          infiniplex_forest_lined_corner, infiniplex_forest_3_way,
          infiniplex_forest_end_1, infiniplex_forest_straight_4,
          infiniplex_forest_clump_small, infiniplex_forest_end_1,
          infiniplex_forest_clump_double, infiniplex_forest_clump_C,
          lemuel_fruit_fields, lemuel_fruit_fields
Shoals:3: gammafunk_its_a_trap, nicolae_shoals_so_close
Shoals:4: shoals_end_grunt_ice, shoals_ilsuiw_ice, uniq_donald, uniq_bai_suzhen
Spider:1: spiders_nest_hornet_nest
Spider:2: nicolae_spider_cling_halls, nicolae_spider_cling_ruins, uniq_jorgrun,
          uniq_aizul
Spider:3: spider_trap
Spider:4: spider_rune_water, uniq_arachne
Orc:2:    st_orc_pillars
Elf:1:    elf_arrival_001, hangedman_elf_disciples, sword_in_stone
Elf:2:    nrook_loot_triangle, grunt_ministairs_2, minivault_25_ag
Elf:3:    elf_hall, serial_shops, shop, uniq_mara
Abyss:3:  nicolae_abyss_rune_left_handed
Lab:      nicolae_lab_dead_adventurers, labyrinth_baited_teleportation_trap,
          lab_fountain, nicolae_lab_starburst, nicolae_lab_grate_2,
          nicolae_lab_blocks
Ossuary:  ossuary_kennysheep_city_of_the_dead
Bailey:   bailey_polearm_5, bailey

Skill      XL: |  1  2  3  4  5  6  7  8  9 10 11 12 13 14 15 16 17 18 19 |
---------------+----------------------------------------------------------+-----
Fighting       | 4 7 10 12 14 16 18 | 18.0
Armour         | 4 5 10 13 16 18 19 | 19.9
Axes           | 4 6 8 10 13 15 16 19 20 22 | 22.3
Invocations    | 8 |  8.4
Evocations     | 3 8 10 | 10.3
Dodging        | 7 10 | 10.8
Throwing       | 4 6 7 |  7.0
Shields        | |  3.6

Action                   |  1- 3 |  4- 6 |  7- 9 | 10-12 | 13-15 | 16-18 | 19-21 || total
-------------------------+-------+-------+-------+-------+-------+-------+-------++-------
Melee: War axe           |    44 |   118 |   174 |     6 |       |       |       ||   342
       Headbutt          |     8 |    19 |    70 |   107 |   230 |   281 |    27 ||   742
       Broad axe         |       |       |   241 |   365 |       |       |       ||   606
       Battleaxe         |       |       |       |   277 |   897 |   531 |       ||  1705
       Mace              |       |       |       |       |    62 |       |       ||    62
       Executioner's axe |       |       |       |       |     3 |   509 |   160 ||   672
       Staff             |       |       |       |       |    35 |    93 |       ||   128
 Fire: Blowgun           |       |       |       |       |     4 |       |       ||     4
Throw: Tomahawk          |       |       |     2 |     4 |       |       |       ||     6
       Stone             |       |       |     2 |       |       |       |       ||     2
       Javelin           |       |       |       |       |    10 |    68 |       ||    78
       Throwing net      |       |       |       |       |       |     3 |       ||     3
Invok: Heroism           |       |       |       |    10 |    30 |    26 |     3 ||    69
       Finesse           |       |       |       |       |     9 |     9 |     1 ||    19
 Abil: Evoke Flight      |       |       |       |       |       |    21 |       ||    21
       Evoke Invisibilit |       |       |       |       |       |     2 |     1 ||     3
Evoke: Wand              |       |     3 |     7 |    33 |    23 |    20 |     4 ||    90
       Staff of Olgreb   |       |       |       |       |    25 |   111 |       ||   136
       Fan of gales      |       |       |       |       |       |     1 |       ||     1
       Sack of spiders   |       |       |       |       |       |     3 |       ||     3
  Use: Scroll            |       |       |    16 |     9 |    14 |    15 |     3 ||    57
       Potion            |       |       |       |     2 |     5 |    19 |     4 ||    30
 Stab: Held in net/web   |       |       |       |       |       |     3 |       ||     3
       Invisible         |       |       |       |       |       |     8 |     5 ||    13
       Paralysed         |       |       |       |       |       |     4 |       ||     4
  Eat: Chunk             |     1 |     5 |    17 |    19 |    14 |     2 |       ||    58
       Ration            |       |       |     1 |     5 |    10 |    21 |     1 ||    38
Armor: Scale mail        |    23 |    55 |    11 |       |       |       |       ||    89
       Chain mail        |       |       |   188 |       |       |       |       ||   188
       Plate armour      |       |       |       |   454 |   706 |  1067 |    59 ||  2286
Dodge: Dodged            |    33 |    63 |   160 |   224 |   574 |   800 |    63 ||  1917
       Deflected         |       |       |       |       |    17 |    67 |    13 ||    97

Table legend:
 A = Spawn XP
 B = Non-spawn XP
 C = Spawn XP percentage of total XP
 D = Spawn monster count
 E = Non-spawn monster count
 F = Spawn count percentage of total count
 G = Total turns spent on level
                    A         B        C        D         E        F      G
               +---------+---------+-------+---------+---------+-------+---------
         Total |   10055 |  404260 |   2.4 |      20 |    1352 |   1.5 | 56800
               +---------+---------+-------+---------+---------+-------+---------
           D:1 |       0 |      50 |   0.0 |       0 |       9 |   0.0 |   842
           D:2 |       0 |     214 |   0.0 |       0 |      20 |   0.0 |  1260
           D:3 |       0 |     277 |   0.0 |       0 |      28 |   0.0 |   851
           D:4 |       0 |    1040 |   0.0 |       0 |      40 |   0.0 |  1155
           D:5 |       0 |     465 |   0.0 |       0 |      27 |   0.0 |  1104
           D:6 |       0 |    2344 |   0.0 |       0 |      39 |   0.0 |  2051
           D:7 |       0 |    1363 |   0.0 |       0 |      21 |   0.0 |  1201
           D:8 |       0 |    1044 |   0.0 |       0 |      23 |   0.0 |  1208
           D:9 |       0 |    2349 |   0.0 |       0 |      20 |   0.0 |  1489
          D:10 |       0 |    4517 |   0.0 |       0 |      18 |   0.0 |  2717
          D:11 |       0 |    4362 |   0.0 |       0 |      31 |   0.0 |  2202
          D:12 |       0 |    6049 |   0.0 |       0 |      35 |   0.0 |  1634
          D:13 |       0 |   15251 |   0.0 |       0 |      69 |   0.0 |  1166
          D:14 |       0 |    9011 |   0.0 |       0 |      35 |   0.0 |  1581
          D:15 |       0 |   16466 |   0.0 |       0 |      49 |   0.0 |  1373
        Lair:1 |       0 |    9202 |   0.0 |       0 |      62 |   0.0 |  1747
        Lair:2 |       0 |    9825 |   0.0 |       0 |      29 |   0.0 |  2653
        Lair:3 |       0 |    3112 |   0.0 |       0 |      16 |   0.0 |  1987
        Lair:4 |       0 |   17890 |   0.0 |       0 |      50 |   0.0 |  2310
        Lair:5 |       0 |    9014 |   0.0 |       0 |      18 |   0.0 |  1585
        Lair:6 |       0 |   30165 |   0.0 |       0 |     114 |   0.0 |  2630
      Shoals:1 |       0 |   13468 |   0.0 |       0 |      34 |   0.0 |  1861
      Shoals:2 |       0 |   10900 |   0.0 |       0 |      25 |   0.0 |   744
      Shoals:3 |       0 |   21505 |   0.0 |       0 |      36 |   0.0 |  2586
      Shoals:4 |       0 |   38900 |   0.0 |       0 |      62 |   0.0 |  1894
      Spider:1 |       0 |   18004 |   0.0 |       0 |      56 |   0.0 |  1198
      Spider:2 |       0 |   18526 |   0.0 |       0 |      34 |   0.0 |  1953
      Spider:3 |       0 |   27984 |   0.0 |       0 |      75 |   0.0 |  3038
      Spider:4 |       0 |   38398 |   0.0 |       0 |      67 |   0.0 |  2702
         Orc:1 |       0 |    1117 |   0.0 |       0 |      16 |   0.0 |   320
         Orc:2 |       0 |   11802 |   0.0 |       0 |      68 |   0.0 |  1870
         Elf:1 |       0 |   16378 |   0.0 |       0 |      22 |   0.0 |  1022
         Elf:2 |       0 |   19194 |   0.0 |       0 |      28 |   0.0 |   860
         Elf:3 |       0 |   15227 |   0.0 |       0 |      16 |   0.0 |   264
       Abyss:3 |   10055 |    3329 |  75.1 |      20 |       3 |  87.0 |   236
           Lab |       0 |    1699 |   0.0 |       0 |       3 |   0.0 |   402
       Ossuary |       0 |     269 |   0.0 |       0 |      14 |   0.0 |   542
        Bailey |       0 |    3550 |   0.0 |       0 |      40 |   0.0 |   539
               +---------+---------+-------+---------+---------+-------+---------
